 Dungeon Crawl Stone Soup version 0.28.0-43-g3370ac3207 (webtiles) character file.

Game seed: 17926685895838625371

480 TheDeanity the Chucker (level 6, -4/62 HPs)
             Began as a Troll Fighter on Mar 18, 2022.
             Was an Initiate of Okawaru.
             Killed from afar by Blork the orc (11 damage)
             ... with a puff of flame
             ... on level 4 of the Dungeon.
             The game lasted 00:09:13 (2823 turns).

TheDeanity the Chucker (Troll Fighter)              Turns: 2823, Time: 00:09:14

Health: -4/62      AC:  4    Str: 27    XL:     6   Next: 86%
Magic:  5/5        EV:  8    Int:  4    God:    Okawaru [......]
Gold:   128        SH:  7    Dex:  9    Spells: 5/5 levels left

rFire   . . .      SeeInvis .   (no weapon)
rCold   . . .      Faith    .   c - +0 kite shield
rNeg    . . .      Spirit   .   b - +0 robe
rPois   .          Reflect  .   (helmet restricted)
rElec   .          Harm     .   (no cloak)
rCorr   .          Rampage  .   (gloves unavailable)
Will    .....                   (boots unavailable)
Stlth   ++........              (no amulet)
HPRegen 1.00/turn               (no ring)
MPRegen 0.09/turn               (no ring)

@: no status effects
A: large, unfitting armour, claws 3, regeneration 1, shaggy fur 1, tough skin 1,
horns 1, camouflage 1
a: Renounce Religion


You were on level 4 of the Dungeon.
You worshipped Okawaru.
Okawaru was noncommittal.
You visited 1 branch of the dungeon, and saw 4 of its levels.

You collected 128 gold pieces.

Inventory:

Hand Weapons
 a - a +0 flail
Missiles
 f - 11 poisoned darts
 p - 20 stones (quivered)
Armour
 b - a +0 robe (worn)
 c - a +0 kite shield (worn)
 s - a scarf of harm
Wands
 r - a wand of charming (8)
Scrolls
 h - a scroll of vulnerability {unknown}
 i - a scroll of enchant armour
 k - a scroll of fear {unknown}
 q - a scroll of magic mapping {unknown}
 t - a scroll of teleportation {unknown}
 u - a scroll of blinking {unknown}
Potions
 e - a potion of mutation
 g - a potion of attraction
 j - a potion of lignification {unknown}
 l - a potion of haste
 m - a potion of berserk rage {unknown}
 n - a potion of flight {unknown}
 o - a potion of cancellation {unknown}


   Skills:
 + Level 3.8 Fighting
 + Level 3.6 Maces & Flails
 * Level 4.4 Throwing
 - Level 2.4 Dodging
 - Level 2.4 Shields
 + Level 0.1 Invocations


You had 5 spell levels left.
You didn't know any spells.
Your spell library was empty.

Dungeon Overview and Level Annotations

Branches:
Dungeon (4/15)
 Temple: D:4-7

Altars:
Okawaru
Sif Muna

Shops:
D:3 (

Annotations:
D:2 1 runed translucent door, Crazy Yiuf
D:3 Sigmund
D:4 Blork the orc


Innate Abilities, Weirdness & Mutations

You are too large for most types of armour.
You have claws for hands.
Your natural rate of healing is unusually fast.
You are covered in fur. (AC +1)
You have tough skin. (AC +1)
You have a pair of small horns on your head.
Your skin changes colour to match your surroundings (Stealth+).


Message History

You claw Blork the orc!
Blork the orc is moderately wounded.
You block Blork the orc's attack. x2
You scratch Blork the orc but do no damage.
Blork the orc is moderately wounded.
Blork the orc casts a spell at you. The magic dart hits you!
Blork the orc barely misses you.
You barely miss Blork the orc. Your headbutt misses Blork the orc.
Blork the orc is moderately wounded.
Blork the orc casts a spell at you. The puff of frost hits you!
You barely miss Blork the orc. You headbutt Blork the orc!
Blork the orc is heavily wounded.
Blork the orc points at you and mumbles some strange words.
The puff of frost hits you.
Blork the orc drinks a potion.
Blork the orc is healed!
You scratch Blork the orc.
Blork the orc is lightly wounded.
Blork the orc hits you with a +0 trident.
Blork the orc barely misses you.
You scratch Blork the orc. Your headbutt misses Blork the orc.
Blork the orc is lightly wounded.
You block Blork the orc's attack.
You scratch Blork the orc.
Blork the orc is lightly wounded.
Blork the orc casts a spell at you. The magic dart hits you!
Blork the orc hits you with a +0 trident.
You claw Blork the orc!
Blork the orc is heavily wounded.
Blork the orc barely misses you.
Blork the orc hits you with a +0 trident!
* * * LOW HITPOINT WARNING * * *
Okay, then.
Okay, then.
Blork the orc hits you from afar with a +0 trident.
* * * LOW HITPOINT WARNING * * *
Blork the orc gestures at you while chanting.
The puff of flame hits you!
You die...

#....# ... #....# ...
### #....# ....
#.####....#
....####....#....#
#........#....#
#....o...#....#
#....#!..#....#
#...@#####....# ..
#....###+#.........#
.... #..... #.........#
... #....# #.....##'##
#'###....# #+#.....#...#
#.......[##..##....#...#
#............
#....#..######
#............
#....#..#...>#
####............
#..<.#..#....#


You could see Blork the orc (fast).

Vanquished Creatures
  2 necrophages
  A phantom (D:3)
  A hound (D:4)
  Natasha (twice) (D:3)
  An iguana (D:3)
  An orc wizard (D:2)
  A gnoll (D:4)
  5 adders
  An adder skeleton (D:4)
  A dart slug (D:1)
  5 orcs
  3 ball pythons
  2 endoplasms (D:2)
  3 giant cockroaches
  3 hobgoblins
  2 jackals (D:2)
  4 quokkas
  2 bats
  2 frilled lizards (D:1)
  2 goblins
  5 kobolds
  2 rats (D:2)
51 creatures vanquished.

Notes
Turn   | Place    | Note
-------+----------+-------------------------------------------
     0 | D:1      | TheDeanity the Troll Fighter began the quest for the Orb.
     0 | D:1      | Reached XP level 1. HP: 22/22 MP: 0/0
   893 | D:2      | Reached skill level 1 in Throwing
   893 | D:2      | Reached XP level 2. HP: 28/29 MP: 1/1
   967 | D:2      | Reached skill level 2 in Throwing
   967 | D:2      | Reached XP level 3. HP: 25/36 MP: 2/2
  1250 | D:2      | Reached XP level 4. HP: 41/44 MP: 3/3
  1670 | D:2      | Found a runed translucent door.
  1671 | D:2      | Noticed Crazy Yiuf
  1687 | D:2      | Identified the +2 chain mail "Beciero" {Str+5}
  1887 | D:3      | Noticed a necrophage
  1978 | D:3      | Noticed Sigmund
  2004 | D:3      | Found Ynuojez's Antique Weapon Emporium.
  2165 | D:3      | Noticed Natasha
  2181 | D:3      | Killed Natasha
  2182 | D:3      | Reached skill level 3 in Throwing
  2182 | D:3      | Reached XP level 5. HP: 20/53 MP: 4/4
  2233 | D:3      | Killed a necrophage
  2253 | D:4      | Gained mutation: You have a pair of small horns on your
                  | head. [potion of mutation]
  2253 | D:4      | Gained mutation: Your skin changes colour to match your
                  | surroundings (Stealth+). [potion of mutation]
  2283 | D:4      | Noticed a necrophage
  2295 | D:4      | Killed a necrophage
  2296 | D:4      | Reached XP level 6. HP: 48/61 MP: 5/5
  2373 | D:4      | Reached skill level 4 in Throwing
  2505 | D:4      | Found an iron altar of Okawaru.
  2531 | D:4      | Became a worshipper of Warmaster Okawaru
  2581 | D:4      | Found a shimmering blue altar of Sif Muna.
  2659 | D:3      | Noticed Natasha
  2665 | D:3      | Killed Natasha
  2811 | D:4      | Noticed Blork the orc
  2823 | D:4      | Killed from afar by Blork the orc

Illustrated notes

Levels and vault maps discovered:
D:1:      kilobyte_arrival_exit_the_forest, layout_basic
D:2:      layout_basic, minmay_misc_feat_nine_boxes, uniq_crazy_yiuf_cottage
D:3:      layout_rooms, gammafunk_temple_overflow_wave, serial_shops,
          nicolae_shop_crystal, minmay_misc_feat_roman, lemuel_another_geyser,
          uniq_sigmund, uniq_natasha
D:4:      layout_gridville, nicolae_overflow_quartered_altars,
          minmay_stone_trees_medium, minmay_manual_mail, uniq_blork_the_orc

Skill      XL: |  1  2  3  4  5  6 |
---------------+-------------------+-----
Maces & Flails | 2 3 |  3.6
Throwing       | 1 2 3 4 |  4.4
Fighting       | 3 |  3.8
Dodging        | |  2.4
Shields        | |  2.4
Invocations    | |  0.1

Action                   |  1- 3 |  4- 6 || total
-------------------------+-------+-------++-------
Melee: Flail             |    20 |       ||    20
       Unarmed           |    51 |   157 ||   208
       Headbutt          |       |     9 ||     9
Throw: Dart              |     3 |     1 ||     4
       Stone             |       |    32 ||    32
  Use: Potion            |       |     4 ||     4
       Scroll            |       |     5 ||     5
 Stab: Sleeping          |       |     1 ||     1
Armor: Robe              |    15 |    32 ||    47
Dodge: Dodged            |    21 |    59 ||    80
Block: Kite shield       |    30 |    60 ||    90
